 Dungeon Crawl Stone Soup version 0.17.0-28-g6e173f8 (webtiles) character file.

59 R18 the Ducker (level 4, -2/43 HPs)
             Began as an Octopode Gladiator on Dec 1, 2015.
             Slain by Sigmund
             ... wielding a +0 scythe
              (4 damage)
             ... on level 2 of the Dungeon.
             The game lasted 00:02:33 (956 turns).

R18 the Ducker (Octopode Gladiator)                  Turns: 956, Time: 00:02:33

Health: -2/43      AC: 22    Str: 19    XL:     4   Next: 3%
Magic:  4/4        EV:  2    Int: 10    God:
Gold:   146        SH:  0    Dex: 18    Spells: 0 memorised, 3 levels left

rFire  . . .     SeeInvis .     a - +0 trident
rCold  . . .     Clarity  .     (no shield)
rNeg   + + +     SustAt   .     (helmet currently unavailable)
rPois  +         Gourm    .     (no amulet)
rElec  .         Spirit   .     (no ring)
rCorr  .         Warding  .     (no ring)
rMut   .         NoTele   +     (no ring)
MR     .....                    (no ring)
Stlth  ++........               (no ring)
                                (no ring)
                                (no ring)
                                (no ring)

@: confused, mighty, agile, lethally poisoned (-2 -> -8), tree-form, not
resistant to hostile enchantments, unstealthy
A: almost no armour, amphibious, 8 rings, (constrict 8), (camouflage 0),
(gelatinous body 0)
a: no special abilities


You were on level 2 of the Dungeon.
You were not hungry.
You were a tree.
You visited 1 branch of the dungeon, and saw 2 of its levels.

You collected 146 gold pieces.

Inventory:

Hand Weapons
 a - a +0 trident (weapon)
Missiles
 c - 3 throwing nets (quivered)
Armour
 b - a +0 hat (melded)
Scrolls
 e - a scroll of fear
 i - a scroll of immolation {unknown}
 j - a scroll of identify {unknown}
 m - a scroll of teleportation {unknown}
 n - a scroll of random uselessness {unknown}
Comestibles
 d - a bread ration
 f - 3 fruits


   Skills:
 - Level 2.0 Fighting
 + Level 4.0 Polearms
 - Level 2.0 Throwing
 + Level 4.0 Dodging


You had 3 spell levels left.
You didn't know any spells.

Dungeon Overview and Level Annotations

Branches:
Dungeon (2/15)

Altars:
Ashenzari
Cheibriados
Elyvilon
The Shining One

Annotations:
D:2 Sigmund


Innate Abilities, Weirdness & Mutations

You cannot wear most types of armour.
You are amphibious.
You can wear up to eight rings at the same time.
((You can use your tentacles to constrict eight enemies at once.))
((Your skin changes colour to match your surroundings (Stealth).))
((Your rubbery body absorbs attacks (AC +1).))


Message History

You are more confused.
Unknown command.
* * * LOW HITPOINT WARNING * * *
You feel sick.
Sigmund says, "Look into my eyes."
Sigmund zaps a wand.
You resist with some effort.
* * * LOW HITPOINT WARNING * * *
You feel sick.
Sigmund zaps a wand.
You are more confused.
* * * LOW HITPOINT WARNING * * *
You feel sick.
Sigmund zaps a wand.
You resist with some effort. Sigmund hits you but does no damage.
* * * LOW HITPOINT WARNING * * *
You feel sick.
* * * LOW HITPOINT WARNING * * *
You feel sick. Sigmund hits you but does no damage.
* * * LOW HITPOINT WARNING * * *
You feel sick.
Sigmund hits you from afar with a scythe.
You die...

####### #.....#
#.....# # #.....#
## ##<....# #.
#####......# #.
#$@.♣......# #.
#.####[....# #.
#.....# #. #.....#
#. ###.###########.
###..........#....
................###
####...........## #
#...........# ##


You could see Sigmund.

Vanquished Creatures
  Robin (D:2)
  A giant gecko (D:1)
  An orc (D:2)
  A ball python (D:2)
  10 goblins
  11 hobgoblins
  A quokka (D:2)
  8 bats
  2 giant newts (D:1)
  3 kobolds (D:2)
  3 rats
42 creatures vanquished.

Notes
Turn   | Place    | Note
--------------------------------------------------------------
     0 | D:1      | R18 the Octopode Gladiator began the quest for the Orb.
     0 | D:1      | Reached XP level 1. HP: 14/14 MP: 1/1
   106 | D:1      | Found a shattered altar of Ashenzari.
   133 | D:1      | Reached XP level 2. HP: 19/19 MP: 2/2
   562 | D:2      | Reached XP level 3. HP: 10/24 MP: 3/3
   800 | D:2      | Noticed Robin
   803 | D:2      | Killed Robin
   803 | D:2      | Reached skill level 4 in Dodging
   830 | D:2      | Reached XP level 4. HP: 20/29 MP: 4/4
   859 | D:2      | Found a white marble altar of Elyvilon.
   862 | D:2      | Found a glowing golden altar of the Shining One.
   865 | D:2      | Found a snail-covered altar of Cheibriados.
   934 | D:2      | Noticed Sigmund
   956 | D:2      | HP: 2/43 [poison (a potion of poison)]
   956 | D:2      | Slain by Sigmund

Action                   |  1- 3 |  4- 6 || total
-------------------------+-------+-------++-------
Melee: Trident           |    87 |     5 ||    92
  Use: Potion            |       |     4 ||     4
       Scroll            |       |     1 ||     1
 Stab: Sleeping          |     2 |       ||     2
